 Dungeon Crawl Stone Soup version 0.28.0-43-g3370ac3207 (webtiles) character file.

Game seed: 15651380132733371988

81 Tinkle the Skirmisher (level 4, -7/41 HPs)
             Began as a Minotaur Berserker on Mar 11, 2022.
             Was a Believer of Trog.
             Killed from afar by an orc wizard (8 damage)
             ... with a puff of flame
             ... on level 3 of the Dungeon.
             The game lasted 00:11:11 (2285 turns).

Tinkle the Skirmisher (Minotaur Berserker)          Turns: 2285, Time: 00:11:12

Health: -7/41      AC: 11    Str: 23    XL:     4   Next: 20%
Magic:  3/3        EV:  7    Int: 10    God:    Trog [**....]
Gold:   28         SH:  0    Dex: 10    Spells: 3/3 levels left

rFire   . . .      SeeInvis .   a - +0 hand axe
rCold   . . .      Faith    .   (no shield)
rNeg    . . .      Spirit   .   k - +0 plate armour
rPois   .          Reflect  .   (helmet restricted)
rElec   .          Harm     .   (no cloak)
rCorr   .          Rampage  .   (no gloves)
Will    .....                   (no boots)
Stlth   ..........              (no amulet)
HPRegen 0.13/turn               j - +6 ring of intelligence
MPRegen 0.08/turn               (no ring)

@: no status effects
A: horns 2, retaliatory headbutt
a: Renounce Religion, Berserk, Trog's Hand


You were on level 3 of the Dungeon.
You worshipped Trog.
Trog was pleased with you.
You visited 1 branch of the dungeon, and saw 3 of its levels.

You collected 28 gold pieces.

Inventory:

Hand Weapons
 a - a +0 hand axe (weapon)
 c - a +2 dagger of flaming
 h - the +11 trident "Coash" {holy, rN+ Str-5 Dex+2}
   (You found it on level 2 of the Dungeon)

   It has been blessed by the Shining One to cause great damage to the undead
   and demons.
   Str:       It affects your strength (-5).
   Dex:       It affects your dexterity (+2).
   rN:        It protects you from negative energy.
Missiles
 f - 5 poisoned darts (quivered)
Armour
 k - a +0 plate armour (worn)
Jewellery
 j - a +6 ring of intelligence (left hand)
Scrolls
 e - a scroll of enchant weapon {unknown}
 i - 3 scrolls of holy word {unknown}
 l - a scroll of fog {unknown}
Potions
 b - a potion of invisibility {unknown}
 d - a potion of might {unknown}
 g - 2 potions of mutation {unknown}


   Skills:
 * Level 4.8 Fighting
 + Level 4.4 Axes
 + Level 2.9 Armour
 - Level 3.0 Dodging


You had 3 spell levels left.
You didn't know any spells.
Your spell library was empty.

Dungeon Overview and Level Annotations

Branches:
Dungeon (3/15)

Altars:

Shops:
D:1 =


Innate Abilities, Weirdness & Mutations

You have a pair of horns on your head.
You reflexively headbutt those who attack you in melee.


Message History

You hear some strange, mumbled words.
A magic dart appears from out of thin air!
The magic dart hits you but does no damage.
You're too confused to move!
Something hits you.
* * * LOW HITPOINT WARNING * * *
You bump into the rock wall.
Something hits you.
* * * LOW HITPOINT WARNING * * *
You're too confused to move!
You hear some strange, mumbled words.
A puff of flame appears from out of thin air!
The puff of flame hits you but does no damage.
You hit something.
You hear some strange, mumbled words.
A magic dart appears from out of thin air!
The magic dart hits you but does no damage.
You completely miss something.
You feel less confused. Something hits you but does no damage.
You closely miss something. You headbutt something.
Something hits you but does no damage.
You miss something. Something hits you but does no damage.
You completely miss something. Your headbutt misses something.
Something hits you.
* * * LOW HITPOINT WARNING * * *
You barely miss something.
You hear some strange, mumbled words.
You are confused.
You bump into the rock wall.
Something hits you.
* * * LOW HITPOINT WARNING * * *
You completely miss something. Your headbutt misses something.
Something hits you.
* * * LOW HITPOINT WARNING * * *
You bump into the rock wall.
Something hits you but does no damage.
You barely miss something. Something hits you but does no damage.
You miss something.
You feel less confused.
You hear some strange, mumbled words.
A puff of flame appears from out of thin air!
The puff of flame hits you!
You die...

##.#####..# #..##.#
#.........####..##.#
####.#............##.#
..............###.##.##
#..†....# ........#####
.####.......######))........
............#....{()...#
.##..#....<.#{#######..#
#.....#####@# #..# #.#.#.# #.#
#..# #...#.# #.# #..#
..##.#.#.# #.# ##..#
.......>.#####.######...######
.###.#.........#..............
........#######.####.########
###.###..............#
#.............###..#


There were no monsters in sight!

Vanquished Creatures
  3 adders (D:2)
  6 orcs (D:3)
  4 ball pythons
  2 bats
  2 endoplasms (D:1)
  4 goblins
  5 hobgoblins
  A quokka (D:3)
  A frilled lizard (D:2)
  3 kobolds
  2 rats (D:2)
33 creatures vanquished.

Vanquished Creatures (others)
  An orc wizard (D:3)
1 creature vanquished.

Grand Total: 34 creatures vanquished

Notes
Turn   | Place    | Note
-------+----------+-------------------------------------------
     0 | D:1      | Tinkle the Minotaur Berserker began the quest for the Orb.
     0 | D:1      | Reached XP level 1. HP: 19/19 MP: 0/0
   390 | D:1      | Found Axkokimm's One-of-a-Kind Rings.
   500 | D:1      | Reached XP level 2. HP: 27/27 MP: 1/1
  1029 | D:2      | Found a faded altar of an unknown god.
  1062 | D:2      | Identified the +11 trident "Coash" {holy, rN+ Str-5 Dex+2}
  1743 | D:2      | Reached XP level 3. HP: 33/33 MP: 2/2
  2256 | D:3      | Reached ** piety under Trog
  2257 | D:3      | Reached XP level 4. HP: 20/41 MP: 3/3
  2281 | D:3      | HP: 2/41 [something (1)]
  2285 | D:3      | Killed from afar by an orc wizard

Illustrated notes

Levels and vault maps discovered:
D:1:      lightli_arrival_statuegarden, layout_basic, nicolae_shop_unique_rings
D:2:      layout_basic, hellmonk_ecumenical_altar_lost_god
D:3:      layout_loops_ring, serial_shops, shop

Skill      XL: |  1  2 |
---------------+-------+-----
Axes           | 4 |  4.4
Dodging        | 3 |  3.0
Fighting       | 4 |  4.8
Armour         | |  2.9

Action                   |  1- 3 |  4- 6 || total
-------------------------+-------+-------++-------
Melee: Hand axe          |    75 |    11 ||    86
       Headbutt          |    10 |     2 ||    12
       Punch             |     1 |       ||     1
Throw: Dart              |       |     1 ||     1
Armor: Animal skin       |     2 |       ||     2
       Plate armour      |    39 |    13 ||    52
Dodge: Dodged            |    36 |     1 ||    37
